 Dungeon Crawl Stone Soup version 0.31.0-11-ge490571c62 (webtiles) character file.

Game seed: 7035265703508063516

1292 qw the Skirmisher (level 8, -3/40 HPs)
             Began as a Spriggan Hunter on Feb 4, 2024.
             Slain by a gnoll sergeant
             ... wielding a +0 spear
              (8 damage)
             ... on level 6 of the Dungeon.
             The game lasted 00:00:15 (4061 turns).

qw the Skirmisher (Spriggan Hunter)                 Turns: 4061, Time: 00:00:16

Health: -3/40      AC:  3    Str:  7    XL:     8   Next: 30%
Magic:  9/9        EV: 29    Int: 10    God:
Gold:   136        SH:  5    Dex: 21    Spells: 7/7 levels left

rFire   . . .        a - +0 arbalest
rCold   . . .        (shield currently unavailable)
rNeg    . . .        c - +0 robe
rPois   .            (helmet restricted)
rElec   .            d - +0 cloak
rCorr   .            (gloves unavailable)
SInv    +            (boots unavailable)
Will    ++...        m - amulet of reflection
Stlth   ++           i - +5 ring of evasion
HPRegen 0.26/turn    e - ring of willpower
MPRegen 0.11/turn

%: reflection
@: very quick
A: very small, no large weapons, unfitting armour, see invisible, speed 3
a: no special abilities


You were on level 6 of the Dungeon.
You visited 2 branches of the dungeon, and saw 7 of its levels.

You collected 136 gold pieces.


Innate Abilities, Weirdness & Mutations

You are very small and have problems with some larger weapons.
You are too small for most types of armour.
You have supernaturally acute eyesight. (SInv)
You cover ground extremely quickly. (Speed+++)


   Skills:
 - Level 3.1 Fighting
 + Level 8.4 Ranged Weapons
 - Level 8.3 Dodging
 - Level 1.5 Stealth


You had 7 spell levels left.
You didn't know any spells.
Your spell library was empty.

Inventory:

Hand Weapons
 a - a +0 arbalest (weapon)
Armour
 c - a +0 robe (worn)
 d - a +0 cloak (worn)
Jewellery
 e - a ring of willpower (right hand)
 i - a +5 ring of evasion (left hand)
 m - an amulet of reflection (around neck)
Scrolls
 g - a scroll of identify
Potions
 b - a potion of resistance
 f - a potion of curing
 h - a potion of might {unknown}
 j - a potion of invisibility {unknown}
 l - a potion of ambrosia {unknown}

Dungeon Overview and Level Annotations

Branches:
Dungeon (6/15)             Temple (1/1) D:5

Altars:
Ashenzari
Cheibriados
Dithmenos
Elyvilon
Gozag
Hepliaklqana
Kikubaaqudgha
Makhleb
Nemelex Xobeh
Qazlal
Ru
Sif Muna
Trog
Uskayaw
Vehumet
Wu Jian
Xom
Zin
The Shining One


Message History

The bolt barely misses the steam dragon.
You are engulfed in a cloud of scalding steam.
The steam dragon barely misses you. x2
You shoot a bolt.
The bolt closely misses the steam dragon.
You are engulfed in a cloud of scalding steam.
The steam dragon completely misses you. The steam dragon misses you.
You block the steam dragon's attack. The steam dragon completely misses you.
You shoot a bolt.
The bolt closely misses the steam dragon.
You are engulfed in a cloud of scalding steam.
The steam dragon completely misses you. x2
You shoot a bolt. The bolt hits the steam dragon!
You kill the steam dragon!
The steam dragon scales are intact enough to wear.
You start resting.
A gnoll sergeant comes into view. It is wielding a +0 spear.
You shoot a bolt. The gnoll sergeant shouts!
The bolt hits the gnoll sergeant.
The gnoll sergeant is lightly wounded.
You hear a shout!
You shoot a bolt.
The bolt hits the gnoll sergeant but does no damage.
The gnoll sergeant is lightly wounded.
The gnoll sergeant closely misses you.
You shoot a bolt. The gnoll sergeant blocks the bolt.
You hear a shout!
A gnoll comes into view. It is wielding a +0 flail.
The gnoll sergeant closely misses you.
You shoot a bolt. The bolt hits the gnoll sergeant!
The gnoll sergeant is heavily wounded.
The gnoll sergeant completely misses you.
The gnoll sergeant closely misses you.
You shoot a bolt.
The bolt hits the gnoll sergeant but does no damage.
The gnoll sergeant is heavily wounded.
A gnoll comes into view. It is wielding a +0 club.
The gnoll sergeant hits you from afar with a +0 spear!
You die...

#########..
#.....[....
#.##....... #
##.##...###. g#
#..##.#.# #. ###.
#.###...###. #.g #.#
#._.##.. #.#.# #.#
#...##.. #D#@# #.#
#.####.. #.#[# #.#
#.# #.. #.#.#####.#
#.# #..
#.#.......###.####..
#ยค#..###............
#.#..# #............
#.<..###.#########.#
####.....# #.#
####### ..#


You could see a gnoll sergeant and a gnoll.

Vanquished Creatures
  Sigmund (D:4)
  A steam dragon (D:6)
  A black bear (D:6)
  An ice beast (D:6)
  An ogre (D:6)
  2 centaurs
  4 scorpions
  4 hounds
  An orc priest (D:3)
  A gnoll bouda (D:6)
  5 gnolls
  3 adders
  2 white imps (D:6)
  3 ribbon worms
  3 dart slugs
  9 orcs
  2 bats (D:2)
  6 endoplasms
  2 giant cockroaches
  9 goblins
  6 hobgoblins
  2 quokkas (D:3)
  4 ball pythons
  3 frilled lizards
  7 kobolds
  3 rats
86 creatures vanquished.

Notes
Turn   | Place    | Note
-------+----------+-------------------------------------------
     0 | D:1      | qw the Spriggan Hunter began the quest for the Orb.
     0 | D:1      | Reached XP level 1. HP: 10/10 MP: 2/2
     0 | D:1      | 0 ||| qw: Version: 0.3-a-160-g6735b56
     0 | D:1      | 0 ||| qw: Game counter: 5086
     0 | D:1      | 0 ||| qw: Melee chars always use a shield: true
     0 | D:1      | 0 ||| qw: God list: Okawaru
     0 | D:1      | 0 ||| qw: Allow faded altars: false
     0 | D:1      | 0 ||| qw: Do Orc after clearing Dungeon:15 true
     0 | D:1      | 0 ||| qw: Do second Lair branch before Depths: true
     0 | D:1      | 0 ||| qw: Lair rune preference: random
     0 | D:1      | 0 ||| qw: Goals: Normal
     0 | D:1      | 0 ||| PLANNING D:1-11
    38 | D:1      | Reached skill level 3 in Dodging
    59 | D:1      | Reached XP level 2. HP: 14/14 MP: 3/3
   566 | D:1      | 566 ||| UPGRADING to +0 cloak.
   571 | D:1      | 571 ||| READING scroll labelled MEYLIPNYRCHA.
   572 | D:1      | 572 ||| READING scroll labelled ONISAU OSUETROIXT.
   572 | D:1      | 572 ||| BRANDING +0 shortbow.
   573 | D:1      | 573 ||| READING scroll labelled IGOLYOD OPLOWN.
   574 | D:1      | 574 ||| DROPPING scroll of butterflies.
   606 | D:2      | Reached XP level 3. HP: 6/18 MP: 4/4
   885 | D:2      | Found a faded altar of an unknown god.
  1214 | D:2      | 1214 ||| UPGRADING to +5 ring of evasion.
  1215 | D:2      | 1215 ||| READING scroll labelled JUACSI TO DOXU.
  1215 | D:2      | 1215 ||| IDENTIFYING fuming orange potion
  1216 | D:2      | 1216 ||| READING scroll labelled OSCHEATUPE.
  1248 | D:2      | 1248 ||| READING scroll labelled MOAM WUNEIGHUF.
  1349 | D:2      | 1349 ||| DRINKING 2 purple potions.
  1350 | D:2      | 1350 ||| DROPPING potion of brilliance.
  1488 | D:3      | Reached XP level 4. HP: 22/22 MP: 5/5
  2053 | D:3      | 2053 ||| READING scroll labelled BUNGOE ELIA.
  2139 | D:4      | Reached XP level 5. HP: 26/26 MP: 6/6
  2186 | D:4      | Noticed a centaur
  2189 | D:4      | 2189 ||| FLEEEEING.
  2191 | D:4      | Killed a centaur
  2192 | D:4      | Reached skill level 6 in Ranged Weapons
  2572 | D:4      | Noticed Sigmund
  2575 | D:4      | Killed Sigmund
  2576 | D:4      | Reached skill level 6 in Dodging
  2576 | D:4      | Reached XP level 6. HP: 30/30 MP: 7/7
  2717 | D:4      | 2717 ||| UPGRADING to amulet of reflection.
  2722 | D:4      | 2722 ||| READING 2 scrolls of identify.
  2722 | D:4      | 2722 ||| IDENTIFYING viscous green potion
  2723 | D:4      | 2723 ||| READING scroll of identify.
  2723 | D:4      | 2723 ||| IDENTIFYING fuming green potion
  2724 | D:4      | 2724 ||| READING scroll labelled FUCHOTISHIO.
  2725 | D:4      | 2725 ||| READING scroll labelled CUNWYMA TIERR.
  2726 | D:4      | 2726 ||| READING 3 scrolls labelled CEXAYSA HOVAL.
  2727 | D:4      | 2727 ||| DROPPING 2 scrolls of blinking.
  2753 | D:5      | Entered Level 5 of the Dungeon
  2812 | D:5      | Found a staircase to the Ecumenical Temple.
  2813 | D:5      | 2813 ||| PLANNING TEMPLE
  2823 | Temple   | Entered the Ecumenical Temple
  2824 | Temple   | 2824 ||| PLANNING D:1-11
  2824 | Temple   | 2824 ||| UPGRADING to ring of willpower.
  2825 | Temple   | 2825 ||| READING scroll of identify.
  2825 | Temple   | 2825 ||| IDENTIFYING viscous clear potion
  2826 | Temple   | 2826 ||| DROPPING potion of attraction.
  2983 | D:5      | Found a radiant altar of Vehumet.
  3421 | D:5      | Reached XP level 7. HP: 35/35 MP: 8/8
  3432 | D:5      | Found a burning altar of Makhleb.
  3678 | D:6      | 3678 ||| FLEEEEING.
  3679 | D:6      | 3679 ||| FLEEEEING.
  3680 | D:6      | 3680 ||| FLEEEEING.
  3681 | D:6      | 3681 ||| FLEEEEING.
  3682 | D:6      | 3682 ||| FLEEEEING.
  3683 | D:6      | 3683 ||| FLEEEEING.
  3701 | D:6      | HP: 2/35 [white imp/puff of frost (7)]
  3702 | D:6      | 3702 ||| DRINKING potion of heal wounds.
  3772 | D:6      | 3772 ||| SWAPPING to +0 orcbow.
  3775 | D:6      | 3775 ||| DROPPING +0 heavy shortbow.
  3915 | D:6      | 3915 ||| SWAPPING to +0 arbalest.
  3916 | D:6      | 3916 ||| DROPPING +0 orcbow.
  3932 | D:6      | Reached XP level 8. HP: 39/39 MP: 9/9
  3968 | D:6      | Reached skill level 3 in Fighting
  3987 | D:6      | Found a bloodstained altar of Trog.
  4036 | D:6      | 4036 ||| Stepping ~*~*~tactically~*~*~ (cloud).
  4046 | D:6      | 4046 ||| Stepping ~*~*~tactically~*~*~ (cloud).
  4052 | D:6      | HP: 8/40 [steam dragon] (11)]
  4053 | D:6      | HP: 1/40 [steam dragon] (7)]
  4061 | D:6      | Slain by a gnoll sergeant

Levels and vault maps discovered:
D:1:      scummos_arrival_checkerplants, layout_basic
D:2:      layout_loops_ring, basic_ecumenical_altar,
          amcnicky_mini_rare_corridor_liquid, nicolae_twisty_statue_hallways
D:3:      layout_loops_ring
D:4:      layout_gridville, uniq_sigmund
D:5:      layout_loops_corners, lemuel_round_altar,
          mainiacjoe_overflow_cross_hatched,
          minmay_temple_entry_drinking_statues, nrook_uturn
D:6:      layout_loops_ring, kennysheep_little_box, bloody_trog
Temple:   nicolae_temple_slightly_damp_pantheon

Skill      XL: |  1  2  3  4  5  6  7  8 |
---------------+-------------------------+-----
Dodging        | 3 4 5 6 8 |  8.3
Ranged Weapons | 5 6 8 |  8.4
Fighting       | 2 3 |  3.1
Stealth        | |  1.5

Action                     |  1- 3 |  4- 6 |  7- 9 || total
---------------------------+-------+-------+-------++-------
   Fire: Shortbow          |   100 |    53 |    29 ||   182
         Orcbow            |       |       |    28 ||    28
         Arbalest          |       |       |    23 ||    23
    Use: Scroll            |     6 |     7 |       ||    13
         Potion            |     1 |       |     1 ||     2
 Armour: Robe              |    10 |     4 |    25 ||    39
  Dodge: Dodged            |    50 |    13 |    56 ||   119
  Block: Other             |       |     1 |    15 ||    16
         Reflection        |       |       |     1 ||     1

Table legend:
 A = Non-vault XP
 B = Vault XP
 C = Vault XP percentage of total XP
 D = Non-vault monster count
 E = Vault monster count
 F = Vault count percentage of total count
                 A         B        C        D         E       F
            +---------+---------+-------+---------+---------+-------
      Total |    1615 |     231 |  12.5 |      85 |       1 |   1.2
            +---------+---------+-------+---------+---------+-------
        D:1 |      39 |       0 |   0.0 |      15 |       0 |   0.0
        D:2 |      49 |       0 |   0.0 |      20 |       0 |   0.0
        D:3 |      87 |       0 |   0.0 |      20 |       0 |   0.0
        D:4 |     165 |     231 |  58.3 |       6 |       1 |  14.3
        D:5 |     353 |       0 |   0.0 |       9 |       0 |   0.0
        D:6 |     922 |       0 |   0.0 |      15 |       0 |   0.0
            +---------+---------+-------+---------+---------+-------
